 Dungeon Crawl Stone Soup version 0.27-a0-216-g1fbed8a51c (webtiles) character file.

Game seed: 8148446725602968601

9 knot the Chopper (level 2, 20/24 HPs)
             Began as a Demonspawn Berserker on Feb 1, 2021.
             Was a Follower of Trog.
             Quit the game on level 2 of the Dungeon.
             The game lasted 00:00:32 (1149 turns).

knot the Chopper (Demonspawn Berserker)             Turns: 1149, Time: 00:00:32

Health: 20/24      AC:  2    Str: 17    XL:     2   Next: 3%
Magic:  2/2        EV: 12    Int:  8    God:    Trog [*.....]
Gold:   87         SH:  0    Dex: 12    Spells: 1/1 levels left

rFire    . . .     SeeInvis .   j - +0 hand axe (flame)
rCold    . . .     Faith    .   (no shield)
rNeg     . . .     Spirit   .   b - +0 animal skin
rPois    .         Reflect  .   (helmet restricted)
rElec    .         Harm     .   (no cloak)
rCorr    .         Rampage  .   (no gloves)
Will     .....                  (no boots)
Stlth    +.........             (no amulet)
HPRegen  0.08/turn              (no ring)
MPRegen  0.08/turn              (no ring)

@: no status effects
A: horns 1
a: Renounce Religion, Berserk


You were on level 2 of the Dungeon.
You worshipped Trog.
Trog was aware of your devotion.
You visited 1 branch of the dungeon, and saw 2 of its levels.

You collected 87 gold pieces.

Inventory:

Hand Weapons
 a - a +0 hand axe
 j - a +0 hand axe of flaming (weapon)
Missiles
 f - 75 stones
 k - 8 javelins
Armour
 b - a +0 animal skin (worn)
Jewellery
 g - an uncursed ring of poison resistance {unknown}
Scrolls
 h - a scroll of enchant weapon {unknown}
 l - a scroll of teleportation {unknown}
 m - a scroll of identify {unknown}
Potions
 c - 2 potions of heal wounds {unknown}
 d - a potion of mutation {unknown}
 e - a potion of attraction {unknown}
 i - a potion of ambrosia {unknown}


   Skills:
 - Level 3.0 Fighting
 + Level 3.2 Axes
 - Level 1.7 Armour
 - Level 1.7 Dodging


You had one spell level left.
You didn't know any spells.
Your spell library was empty.

Dungeon Overview and Level Annotations

Branches:
Dungeon (2/15)

Altars:


Innate Abilities, Weirdness & Mutations

You have a pair of small horns on your head.


Message History

No target in view!
No target in view!
No target in view!
m - a scroll labelled LIUBLARCHALLOZ
Found a stone staircase leading down.
No target in view!
Found an escape hatch in the ceiling.
You now have 87 gold pieces (gained 19).
A goblin comes into view. It is wielding a +0 dagger.
The goblin shouts!
You hear an angry hiss.
A goblin is nearby!
A goblin is nearby!
The goblin hits you with a +0 dagger.
You hit the goblin. You burn the goblin.
You kill the goblin!
Trog accepts your kill.
You have reached level 2!
Your demonic ancestry asserts itself...
A pair of horns grows on your head!
Are you sure you want to abandon this character and quit the game? (Confirm with "yes".)

### ...# #..####
......### ..
#......############..
#...#....##..........
##.)..$..............
##...@................
#.....................
#........(.............
......<...............##
#..........<..........#
#.............>.......##
#.......................
#.#............##.....#.
##....>.....####......


There were no monsters in sight!

Vanquished Creatures
  2 bats
  A giant cockroach (D:1)
  A goblin (D:2)
  2 hobgoblins (D:1)
  A frilled lizard (D:1)
  A rat (D:1)
8 creatures vanquished.

Notes
Turn   | Place    | Note
-------+----------+-------------------------------------------
     0 | D:1      | knot the Demonspawn Berserker began the quest for the Orb.
     0 | D:1      | Reached XP level 1. HP: 18/18 MP: 1/1
  1149 | D:2      | Gained mutation: You have a pair of small horns on your
                  | head. [demonic ancestry]
  1149 | D:2      | Reached XP level 2. HP: 20/24 MP: 2/2
  1149 | D:2      | Quit the game

Illustrated notes

Levels and vault maps discovered:
D:1:      minmay_arrival_stair_chambers, layout_loops_corners
D:2:      layout_rooms, lemuel_coloured_pillars_altar

Skill      XL: |  1 |
---------------+----+-----
Axes           | 3 |  3.2
Fighting       | |  3.0
Armour         | |  1.7
Dodging        | |  1.7

Action                   || total
-------------------------++-------
Melee: Hand axe          ||    39
Invok: Berserk           ||     1
Armor: Animal skin       ||     6
Dodge: Dodged            ||    26

Table legend: (Time is in decaauts)
 A = Elapsed time spent in this place.
 B = Non-inter-level travel time spent in this place.
 C = Inter-level travel time spent in this place.
 D = Time resting spent in this place.
 E = Time spent auto-exploring this place.
 F = Levels seen in this place.
 G = Mean time per level.
                   A        B        C        D        E       F      G
               +--------+--------+--------+--------+--------+-----+--------+
         Total |   1167 |   1147 |     20 |    215 |    839 |   2 |  583.5 |
       Dungeon |   1167 |   1147 |     20 |    215 |    839 |   2 |  583.5 |
               +--------+--------+--------+--------+--------+-----+--------+

Top non-repeatable levels by time:
     D:1: 1129 daAuts
     D:2: 38 daAuts
